[Event "Titled Tuesday Blitz February 28 Early 2023"]
[White "Nakamura, Hikaru"]
[Black "Mendez Fortes, Eduardo Jesus"]
[WhiteFideId "2016192"]
[BlackFideId "3502376"]
[WhiteElo "2879"]
[BlackElo "2307"]
[Result "1-0"]
[Round "01"]
[TimeControl "180+2"]
[Date "2023.02.28"]
[WhiteClock "0:01:43"]
[BlackClock "0:01:14"]

1. Nf3 d5 2. g3 Nf6 3. d3 c5 4. Nbd2 Nc6 5. Bg2 e6 6. e4 Be7 7. O-O O-O 8. Re1 b5 9. e5 Nd7 10. Nf1 Qc7 11. Bf4 Bb7 12. h4 Rfc8 13. h5 h6 14. c3 Qd8 15. Ne3 a5 16. Ng4 Bf8 17. Qd2 Kh8 18. Rad1 b4 19. c4 Nb6 20. Bxh6 gxh6 21. Qf4 Qe7 22. Nxh6 Rc7 23. Ng4 a4 24. h6 Rd8 25. Nf6 Nd7 26. cxd5 exd5 27. Nxd5 Qe6 28. Nxc7 1-0


[Site "https://www.chess.com"]

[Event "Titled Tuesday Blitz February 28 Early 2023"]
[White "Thorhallsson, Simon"]
[Black "Carlsen, Magnus"]
[WhiteFideId "2310090"]
[BlackFideId "1503014"]
[WhiteElo "2108"]
[BlackElo "2852"]
[Result "0-1"]
[Round "01"]
[TimeControl "180+2"]
[Date "2023.02.28"]
[WhiteClock "0:00:44"]
[BlackClock "0:02:09"]

1. e4 c5 2. Nc3 Nc6 3. Bb5 Nd4 4. Nf3 a6 5. Bd3 Nc6 6. a3 d6 7. O-O Bg4 8. Re1 g6 9. h3 Bxf3 10. Qxf3 Bg7 11. Qd1 e6 12. Bf1 Nge7 13. d3 O-O 14. Be3 b6 15. Qd2 d5 16. exd5 exd5 17. Bh6 Nf5 18. Bxg7 Kxg7 19. g3 Qd7 20. Bg2 Nfe7 21. h4 h6 22. Ne2 Rad8 23. Nf4 Qd6 24. c3 Rfe8 25. Re2 d4 26. c4 Ng8 27. Rae1 Rxe2 28. Qxe2 Nf6 29. Nd5 Re8 30. Qd1 Rxe1+ 31. Qxe1 Ne5 32. Qe2 a5 33. Nxf6 Qxf6 34. Bd5 g5 35. hxg5 hxg5 36. Kg2 g4 37. Qe4 Qf3+ 38. Qxf3 gxf3+ 39. Bxf3 Nxd3 40. Bd5 Nxb2 41. f4 d3 0-1


[Site "https://www.chess.com"]

[Event "Titled Tuesday Blitz February 28 Early 2023"]
[White "So, Wesley"]
[Black "Urbina Perez, Juan Antonio"]
[WhiteFideId "5202213"]
[BlackFideId "2217368"]
[WhiteElo "2739"]
[BlackElo "2197"]
[Result "1-0"]
[Round "01"]
[TimeControl "180+2"]
[Date "2023.02.28"]
[WhiteClock "0:01:17"]
[BlackClock "0:00:20"]

1. e4 c5 2. Nf3 d6 3. d4 cxd4 4. Nxd4 Nf6 5. f3 e5 6. Nb3 d5 7. Bg5 Be6 8. Bxf6 gxf6 9. exd5 Qxd5 10. Nc3 Qxd1+ 11. Rxd1 Bb4 12. Kd2 Nc6 13. a3 O-O-O+ 14. Bd3 Be7 15. Kc1 a6 16. Be4 Kc7 17. Nd5+ Bxd5 18. Rxd5 h6 19. Rhd1 Rhg8 20. g4 Rxd5 21. Bxd5 Nd8 22. Rd3 h5 23. Rc3+ Kb8 24. h3 hxg4 25. hxg4 Rh8 26. Kb1 Rh1+ 27. Ka2 Rd1 28. Be4 Rd7 29. Na5 Bd6 30. Rd3 Kc7 31. Bf5 Re7 32. b4 Nc6 33. Nc4 Nd4 34. Nxd6 Kxd6 35. c3 1-0


[Site "https://www.chess.com"]

[Event "Titled Tuesday Blitz February 28 Early 2023"]
[White "Lehtosaari, Mauri"]
[Black "Andreikin, Dmitry"]
[WhiteFideId "501999"]
[BlackFideId "4158814"]
[WhiteElo "2524"]
[BlackElo "2736"]
[Result "0-1"]
[Round "01"]
[TimeControl "180+2"]
[Date "2023.02.28"]
[WhiteClock "0:01:12"]
[BlackClock "0:01:44"]

1. d4 Nf6 2. Nf3 e6 3. Bg5 h6 4. Bh4 d6 5. Nbd2 g5 6. Bg3 Nh5 7. e3 Bg7 8. Bd3 Nd7 9. c3 a6 10. a4 b6 11. Be4 d5 12. Bd3 Nxg3 13. hxg3 Bb7 14. Qe2 c5 15. e4 g4 16. Nh4 cxd4 17. Qxg4 dxc3 18. Qxg7 cxd2+ 19. Kxd2 Qg5+ 20. Qxg5 hxg5 21. Nf3 Rxh1 22. Rxh1 dxe4 23. Rh8+ Ke7 24. Rxa8 Bxa8 25. Bxa6 exf3 26. gxf3 Bxf3 27. b4 Bc6 28. a5 b5 29. Ke3 Nb8 0-1


[Site "https://www.chess.com"]

[Event "Titled Tuesday Blitz February 28 Early 2023"]
[White "Caruana, Fabiano"]
[Black "Ibadov, Dashgyn"]
[WhiteFideId "2020009"]
[BlackFideId "24107514"]
[WhiteElo "2818"]
[BlackElo "2208"]
[Result "1-0"]
[Round "01"]
[TimeControl "180+2"]
[Date "2023.02.28"]
[WhiteClock "0:01:23"]
[BlackClock "0:00:05"]

1. c4 Nf6 2. Nf3 c5 3. Nc3 e6 4. e3 d5 5. d4 cxd4 6. exd4 Nc6 7. c5 Be7 8. Bb5 O-O 9. O-O Ne4 10. Re1 f5 11. Bxc6 bxc6 12. Ne5 Bd7 13. f3 Nxc3 14. bxc3 f4 15. Rb1 Qc7 16. Bd2 Kh8 17. Qa4 g5 18. Rb3 Bf6 19. Qa6 Rab8 20. h4 Rxb3 21. axb3 Bxe5 22. Rxe5 gxh4 23. Kh2 Bc8 24. Qe2 Qg7 25. Be1 Qf6 26. Qf2 Bd7 27. Qxh4 Qxh4+ 28. Bxh4 Rb8 29. b4 a5 30. bxa5 Ra8 31. Bf6+ Kg8 32. Rg5+ Kf7 33. Be5 Rxa5 34. Rg7+ Ke8 35. Bxf4 Ra3 36. Rxh7 Rxc3 37. Be5 Bc8 38. Bf6 1-0


[Site "https://www.chess.com"]

[Event "Titled Tuesday Blitz February 28 Early 2023"]
[White "Ilkhomi, Jaloliddin"]
[Black "Firouzja, Alireza"]
[WhiteFideId "14700948"]
[BlackFideId "12573981"]
[WhiteElo "2045"]
[BlackElo "2904"]
[Result "0-1"]
[Round "01"]
[TimeControl "180+2"]
[Date "2023.02.28"]
[WhiteClock "0:00:18"]
[BlackClock "0:01:40"]

1. d4 Nf6 2. Nf3 g6 3. c3 Bg7 4. Bg5 O-O 5. Nbd2 h6 6. Bh4 d6 7. e4 c5 8. dxc5 dxc5 9. Bc4 Nc6 10. Qe2 Nh5 11. Qe3 b6 12. O-O Qc7 13. Rfd1 Bb7 14. a4 e6 15. Nf1 Na5 16. Bb5 a6 17. Be2 Qf4 18. Bd3 g5 19. Bg3 Nxg3 20. hxg3 Qxe3 21. Nxe3 Rfd8 22. Bc2 Bc6 23. Rxd8+ Rxd8 24. Rd1 Rc8 25. Kf1 Kf8 26. Ke2 Ke7 27. Nd2 b5 28. axb5 axb5 29. Nb3 Nxb3 30. Bxb3 Bxe4 31. Ra1 c4 32. Ra7+ Kf8 33. Bc2 Bc6 34. f3 h5 35. Be4 Bxe4 36. fxe4 Be5 37. Nc2 Bxg3 38. Nd4 b4 39. cxb4 Be5 40. Nb5 Rb8 41. Ra5 Bxb2 42. Nd6 Rxb4 43. Rxg5 c3 44. Kd3 Rd4+ 45. Kc2 Rxd6 0-1


[Site "https://www.chess.com"]

[Event "Titled Tuesday Blitz February 28 Early 2023"]
[White "Paravyan, David"]
[Black "Martin Carmona, Gaston Manuel"]
[WhiteFideId "4194985"]
[BlackFideId "22284567"]
[WhiteElo "2577"]
[BlackElo "2245"]
[Result "1-0"]
[Round "01"]
[TimeControl "180+2"]
[Date "2023.02.28"]
[WhiteClock "0:01:26"]
[BlackClock "0:00:03"]

1. e4 c5 2. Nf3 d6 3. d4 cxd4 4. Nxd4 Nf6 5. Nc3 g6 6. Be3 Bg7 7. f3 Nc6 8. Qd2 O-O 9. Bc4 Bd7 10. O-O-O Rc8 11. Be2 Ne5 12. g4 Qa5 13. Kb1 Rxc3 14. Qxc3 Qxc3 15. bxc3 Rc8 16. Bc1 Rxc3 17. g5 Ne8 18. Bb2 Rc8 19. Rhe1 Bh3 20. Nb3 Bg2 21. f4 Bxe4 22. fxe5 Bxc2+ 23. Ka1 Bxd1 24. Bxd1 Bxe5 25. Bxe5 dxe5 26. Rxe5 Kf8 27. Ra5 a6 28. Rc5 Rd8 29. Bf3 b6 30. Rc6 Rb8 31. Be2 a5 32. Nd2 Nd6 33. Nc4 Ne4 34. Nxb6 Kg7 35. h4 Rd8 36. Rc7 Rd2 37. Bc4 Kf8 38. Nd7+ Ke8 39. Ne5 Kd8 40. Ra7 Nc3 41. Nc6+ Ke8 42. Rxe7+ Kf8 43. Rxf7+ Ke8 44. Re7+ Kf8 45. Ra7 Na4 46. Ra8+ 1-0


[Site "https://www.chess.com"]

[Event "Titled Tuesday Blitz February 28 Early 2023"]
[White "Cappai, Davide"]
[Black "Erigaisi Arjun"]
[WhiteFideId "813338"]
[BlackFideId "35009192"]
[WhiteElo "2269"]
[BlackElo "2737"]
[Result "0-1"]
[Round "01"]
[TimeControl "180+2"]
[Date "2023.02.28"]
[WhiteClock "0:00:53"]
[BlackClock "0:02:11"]

1. e4 c6 2. d4 d6 3. Nc3 g6 4. Be3 Nf6 5. f3 Nbd7 6. Qd2 b5 7. Nge2 Nb6 8. Ng3 h5 9. h4 b4 10. Nd1 a5 11. Nf2 Bg7 12. Bd3 Ba6 13. O-O Nc4 14. Bxc4 Bxc4 15. Rfe1 O-O 16. Bh6 Nh7 17. Nh3 e5 18. Bxg7 Kxg7 19. b3 Be6 20. Ng5 Nxg5 21. Qxg5 Qxg5 22. hxg5 exd4 23. f4 Bg4 24. e5 d5 25. Kf2 a4 26. Ne2 c5 27. Reb1 Bf5 28. Rc1 Ra5 29. Ng3 Bg4 30. Ke1 Rfa8 31. Rab1 axb3 32. axb3 Ra3 33. Rb2 c4 34. Ne2 d3 35. cxd3 c3 36. Rbb1 Ra2 37. Nd4 Rxg2 38. Kf1 Raa2 39. Ra1 h4 40. Rxa2 Rxa2 41. Nc6 h3 42. Kg1 h2+ 0-1


[Site "https://www.chess.com"]

[Event "Titled Tuesday Blitz February 28 Early 2023"]
[White "Duda, Jan-Krzysztof"]
[Black "Derjabin, Ilja"]
[WhiteFideId "1170546"]
[BlackFideId "14104768"]
[WhiteElo "2790"]
[BlackElo "2309"]
[Result "1-0"]
[Round "01"]
[TimeControl "180+2"]
[Date "2023.02.28"]
[WhiteClock "0:01:42"]
[BlackClock "0:00:28"]

1. c3 c5 2. d4 g6 3. e4 Bg7 4. d5 d6 5. Nf3 Nf6 6. Bg5 a6 7. Nbd2 O-O 8. a4 e6 9. Bc4 exd5 10. Bxd5 h6 11. Bxf6 Qxf6 12. Nc4 Nd7 13. Nxd6 Ne5 14. Nxe5 Qxe5 15. Nc4 Qg5 16. O-O Rb8 17. f4 Qh4 18. a5 Bg4 19. Qd3 Qh5 20. Rae1 Rfd8 21. f5 gxf5 22. exf5 Rd7 23. h3 Be2 24. Rxe2 Rxd5 25. Qxd5 Qxe2 26. f6 Bf8 27. Ne5 Qh5 28. g4 Rd8 29. Qxd8 Qxe5 30. Qd3 Bd6 31. Rf2 c4 32. Qf5 Qg3+ 33. Kf1 Qxh3+ 34. Ke2 Bg3 35. Qc8+ Kh7 36. Qxc4 Kg8 37. Qe4 1-0


[Site "https://www.chess.com"]

[Event "Titled Tuesday Blitz February 28 Early 2023"]
[White "Jaskolka, Tomasz"]
[Black "Fedoseev, Vladimir"]
[WhiteFideId "1170791"]
[BlackFideId "24130737"]
[WhiteElo "2155"]
[BlackElo "2752"]
[Result "1-0"]
[Round "01"]
[TimeControl "180+2"]
[Date "2023.02.28"]
[WhiteClock "0:00:19"]
[BlackClock "0:00:01"]

1. d4 Nf6 2. Bf4 Nd5 3. Bg3 f5 4. e4 Nf6 5. e5 Ne4 6. Nc3 Nxc3 7. bxc3 e6 8. Bd3 Be7 9. h4 O-O 10. Ne2 c5 11. Qd2 Nc6 12. Qe3 b6 13. Nf4 cxd4 14. cxd4 Bb4+ 15. Ke2 Bc3 16. Rad1 Bxd4 17. Qf3 Bxe5 18. Nxe6 Qf6 19. Bc4 Ba6 20. Bxa6 Qxe6 21. Bxe5 Nxe5 22. Qe3 Rae8 23. Rh3 f4 24. Qb3 f3+ 25. Kf1 fxg2+ 26. Kxg2 Kh8 27. Qxe6 Rxe6 28. Re3 d6 29. Be2 Rf4 30. Kg3 Rf5 31. f4 Rg6+ 32. Kh3 Nd7 33. Bd3 Rff6 34. Bxg6 hxg6 35. Re7 Nc5 36. Rxa7 Ne6 37. Rd7 Nxf4+ 38. Kg4 d5 39. Rf1 Nh5 40. Rd8+ Kh7 41. Rxf6 Nxf6+ 42. Kf4 1-0


[Site "https://www.chess.com"]

[Event "Titled Tuesday Blitz February 28 Early 2023"]
[White "Le, Tuan Minh"]
[Black "Filgueira, Hernan"]
[WhiteFideId "12401153"]
[BlackFideId "101770"]
[WhiteElo "2558"]
[BlackElo "2363"]
[Result "1-0"]
[Round "01"]
[TimeControl "180+2"]
[Date "2023.02.28"]
[WhiteClock "0:00:34"]
[BlackClock "0:00:13"]

1. d4 d6 2. e4 Nf6 3. Nc3 g6 4. Nf3 Bg7 5. Bc4 O-O 6. O-O c6 7. Bb3 Bg4 8. h3 Bxf3 9. Qxf3 Nbd7 10. Be3 Qc7 11. Rad1 a5 12. a3 Rab8 13. Rfe1 b5 14. Bf4 e5 15. dxe5 dxe5 16. Be3 b4 17. axb4 axb4 18. Nb1 c5 19. Nd2 Nb6 20. Nc4 Nxc4 21. Bxc4 Rb6 22. Rd3 Rd6 23. Rxd6 Qxd6 24. Rd1 Qc6 25. b3 Re8 26. Ra1 Qc7 27. Ra6 Nh5 28. g3 h6 29. Rxg6 Kh7 30. Ra6 Nf4 31. gxf4 exf4 32. Qxf4 Re5 33. Qxf7 Qxf7 34. Bxf7 Re7 35. Bg6+ Kg8 36. Ra8+ 1-0


[Site "https://www.chess.com"]

[Event "Titled Tuesday Blitz February 28 Early 2023"]
[White "Nguyen Hong Nhung"]
[Black "Bluebaum, Matthias"]
[WhiteFideId "12412201"]
[BlackFideId "24651516"]
[WhiteElo "1904"]
[BlackElo "2638"]
[Result "0-1"]
[Round "01"]
[TimeControl "180+2"]
[Date "2023.02.28"]
[WhiteClock "0:00:07"]
[BlackClock "0:01:34"]

1. e4 e6 2. d4 d5 3. Nc3 Nf6 4. Bg5 dxe4 5. Nxe4 Be7 6. Bxf6 gxf6 7. Nf3 f5 8. Nc3 a6 9. Qd3 b5 10. O-O-O b4 11. Na4 Qd5 12. Qc4 Bb7 13. Kb1 Nd7 14. Qxc7 Rc8 15. Qf4 Bc6 16. Bxa6 Ra8 17. Nc5 Nxc5 18. dxc5 Qxc5 19. Bc4 Rg8 20. Bb3 Rxg2 21. Nd4 Rg4 22. Qe3 Bxh1 23. Nxe6 Qxe3 24. Nc7+ Kf8 25. fxe3 Rc8 26. Rxh1 Rxc7 0-1


[Site "https://www.chess.com"]

[Event "Titled Tuesday Blitz February 28 Early 2023"]
[White "Dubov, Daniil"]
[Black "Karas, Marek"]
[WhiteFideId "24126055"]
[BlackFideId "14928558"]
[WhiteElo "2802"]
[BlackElo "2233"]
[Result "1-0"]
[Round "01"]
[TimeControl "180+2"]
[Date "2023.02.28"]
[WhiteClock "0:00:47"]
[BlackClock "0:00:09"]

1. d4 Nf6 2. Nf3 d5 3. Bf4 e6 4. e3 Bd6 5. Bg3 O-O 6. Nbd2 c5 7. c3 Qc7 8. dxc5 Qxc5 9. Bd3 Nbd7 10. e4 Bxg3 11. hxg3 dxe4 12. Bxe4 Nxe4 13. Nxe4 Qf5 14. Nd6 Qc5 15. Qd3 Nf6 16. O-O-O Qd5 17. Qb1 Qc5 18. g4 g6 19. Ne4 Nxe4 20. Qxe4 e5 21. g5 Qxf2 22. Rd2 Qg3 23. Qxe5 Qxe5 24. Nxe5 Be6 25. Rf2 Rad8 26. Re1 Rd5 27. c4 Rd4 28. b3 Rc8 29. Kb2 Rcd8 30. Kc3 Kg7 31. Nxf7 Rd3+ 32. Kc2 Bf5 33. Rxf5 Rd2+ 34. Kc1 gxf5 35. Nxd8 Rxd8 36. Re7+ Kg6 37. Rxb7 Kxg5 38. Rxh7 Rd3 39. Kc2 Re3 40. Kd2 f4 41. Rxa7 Kf5 42. Rf7+ Ke4 43. Re7+ 1-0


[Site "https://www.chess.com"]

[Event "Titled Tuesday Blitz February 28 Early 2023"]
[White "Reprintsev, Alexander"]
[Black "Deac, Bogdan-Daniel"]
[WhiteFideId "14100541"]
[BlackFideId "1226380"]
[WhiteElo "2250"]
[BlackElo "2649"]
[Result "0-1"]
[Round "01"]
[TimeControl "180+2"]
[Date "2023.02.28"]
[WhiteClock "0:01:23"]
[BlackClock "0:00:29"]

1. e4 g6 2. d4 Bg7 3. Nc3 Nc6 4. d5 Nb8 5. h4 h5 6. Nf3 d6 7. Ng5 Nf6 8. f3 c6 9. Be3 Qa5 10. Qd2 cxd5 11. exd5 Nbd7 12. O-O-O a6 13. Kb1 b5 14. Nce4 Qxd2 15. Rxd2 O-O 16. c4 bxc4 17. Bxc4 Ne5 18. Bb3 a5 19. Rc1 a4 20. Bd1 Bf5 21. Ka1 Nxe4 22. fxe4 Bd7 23. Bd4 f6 24. Nf3 Nxf3 25. gxf3 Bh6 26. Rc7 Bxd2 27. Rxd7 Rfc8 0-1


[Site "https://www.chess.com"]

[Event "Titled Tuesday Blitz February 28 Early 2023"]
[White "Shimanov, Aleksandr"]
[Black "Mayank Chakraborty"]
[WhiteFideId "4198603"]
[BlackFideId "25659766"]
[WhiteElo "2631"]
[BlackElo "2103"]
[Result "1-0"]
[Round "01"]
[TimeControl "180+2"]
[Date "2023.02.28"]
[WhiteClock "0:00:14"]
[BlackClock "0:00:01"]

1. e4 c5 2. d4 cxd4 3. Qxd4 Nc6 4. Qd3 Nf6 5. Nc3 e6 6. Bf4 Bb4 7. O-O-O Bxc3 8. Qxc3 Nxe4 9. Qxg7 Qf6 10. Qxf6 Nxf6 11. Ne2 d5 12. Nc3 a6 13. Na4 e5 14. Bg3 Be6 15. Nc5 Ne4 16. Nxe6 fxe6 17. Bh4 Nd6 18. f3 Nf5 19. Bf2 O-O-O 20. Bd3 Rhf8 21. Rhe1 Kc7 22. c3 b5 23. Re2 Rg8 24. g4 Nd6 25. Bxh7 Rh8 26. Bc2 Rdf8 27. Rd3 e4 28. fxe4 Nxe4 29. Bg3+ Nxg3 30. Rxg3 e5 31. g5 e4 32. g6 Ne5 33. Bb3 Rf1+ 34. Kc2 Kd6 35. g7 Rg8 36. Rg5 Rf3 37. h4 a5 38. a3 a4 39. Ba2 Nc4 40. h5 Ne3+ 41. Rxe3 Rxe3 42. Rxd5+ Ke7 43. Rg5 Rd8 44. Rg2 Re1 45. g8=Q 1-0


[Site "https://www.chess.com"]

[Event "Titled Tuesday Blitz February 28 Early 2023"]
[White "Novikov, Evgenij"]
[Black "Lazavik, Denis"]
[WhiteFideId "4125380"]
[BlackFideId "13515110"]
[WhiteElo "2242"]
[BlackElo "2560"]
[Result "0-1"]
[Round "01"]
[TimeControl "180+2"]
[Date "2023.02.28"]
[WhiteClock "0:00:02"]
[BlackClock "0:00:24"]

1. d4 f5 2. Nc3 Nf6 3. Bg5 d5 4. Bxf6 exf6 5. e3 Be6 6. Bd3 Nc6 7. Qf3 Qd7 8. Nge2 Nb4 9. Nf4 Bf7 10. O-O-O Nxd3+ 11. Nxd3 c6 12. Kb1 Bd6 13. h3 h5 14. g3 O-O-O 15. h4 g6 16. Ne2 Kb8 17. Rhe1 Rhe8 18. Nec1 b6 19. c3 a5 20. Ka1 Ka7 21. Nb3 Qc7 22. Rc1 c5 23. Nd2 c4 24. Nf4 Bf8 25. Qd1 b5 26. f3 Bd6 27. Nf1 Rb8 28. Qd2 Rb6 29. Re2 b4 30. e4 fxe4 31. fxe4 dxe4 32. Ne3 Bxf4 33. gxf4 Qxf4 34. Nxc4 Qxd2 35. Nxd2 bxc3 36. bxc3 f5 37. Rf1 Re7 38. Re3 Rc7 39. Rb1 Rxb1+ 40. Kxb1 Bd5 41. Rg3 f4 42. Rxg6 e3 43. Kc2 Re7 44. Rg1 exd2 45. Kxd2 f3 46. Rf1 Kb6 47. Kd3 Kb5 48. Rb1+ Ka4 49. Rf1 Rc7 50. Kd2 Ka3 0-1


[Site "https://www.chess.com"]

[Event "Titled Tuesday Blitz February 28 Early 2023"]
[White "Sarana, Alexey"]
[Black "Khamdamova, Afruza"]
[WhiteFideId "24133795"]
[BlackFideId "14210444"]
[WhiteElo "2717"]
[BlackElo "2210"]
[Result "1-0"]
[Round "01"]
[TimeControl "180+2"]
[Date "2023.02.28"]
[WhiteClock "0:01:48"]
[BlackClock "0:01:18"]

1. c4 c5 2. Nf3 Nf6 3. Nc3 Nc6 4. g3 e6 5. Bg2 Be7 6. d4 cxd4 7. Nxd4 O-O 8. O-O a6 9. Bf4 d6 10. Bxc6 bxc6 11. Nxc6 Qc7 12. Nxe7+ Qxe7 13. Bxd6 Qb7 14. Bxf8 Kxf8 15. Qd6+ Ke8 16. Rfd1 Bd7 17. b3 Rc8 18. Rd3 Bc6 19. Rad1 h5 20. Qe5 h4 21. gxh4 Bh1 22. f3 Ng4 23. Qxg7 Qb6+ 24. Rd4 Ne3 25. Qg8+ Ke7 26. Rd7+ Kf6 27. Rxf7+ Ke5 28. Qg7# 1-0


[Site "https://www.chess.com"]

[Event "Titled Tuesday Blitz February 28 Early 2023"]
[White "Kalajzic, Ivan"]
[Black "Adhiban, B."]
[WhiteFideId "14506378"]
[BlackFideId "5018471"]
[WhiteElo "2203"]
[BlackElo "2587"]
[Result "0-1"]
[Round "01"]
[TimeControl "180+2"]
[Date "2023.02.28"]
[WhiteClock "0:00:02"]
[BlackClock "0:01:15"]

1. b3 e5 2. Bb2 Nc6 3. e3 d5 4. Bb5 Ne7 5. Bxe5 a6 6. Bxc6+ Nxc6 7. Bg3 h5 8. h4 d4 9. Nf3 Bd6 10. Bxd6 Qxd6 11. Nxd4 Nxd4 12. exd4 Bg4 13. f3 O-O-O 14. Nc3 Rde8+ 15. Kf1 Qxd4 16. fxg4 hxg4 17. Ne2 Qf6+ 18. Kg1 Rxe2 19. Qxe2 Qxa1+ 20. Qf1 Qxa2 21. Qxf7 Qxc2 22. Qe6+ Kb8 23. Qxg4 Qxd2 24. Rh3 Qe1+ 25. Kh2 Qe5+ 26. Qg3 Qxg3+ 27. Kxg3 b5 28. Kg4 Kb7 29. Kg5 Rh6 30. g4 a5 31. Rf3 a4 32. bxa4 bxa4 33. Ra3 Ra6 34. h5 Kc8 35. Kf5 Kd7 36. g5 Ke7 37. g6 c5 38. Kg5 c4 39. h6 Ra5+ 40. Kf4 gxh6 41. Ke4 Kf6 42. Kd4 Kxg6 43. Kxc4 Kh7 44. Kb4 Ra8 45. Rg3 a3 46. Rg1 a2 47. Ra1 h5 48. Kb3 Kh6 49. Kb2 h4 50. Kb3 Kh5 51. Kb2 h3 52. Rh1 a1=Q+ 0-1


[Site "https://www.chess.com"]

[Event "Titled Tuesday Blitz February 28 Early 2023"]
[White "Bortnyk, Olexandr"]
[Black "Omelja, Artem"]
[WhiteFideId "14120828"]
[BlackFideId "14119846"]
[WhiteElo "2734"]
[BlackElo "2404"]
[Result "1-0"]
[Round "01"]
[TimeControl "180+2"]
[Date "2023.02.28"]
[WhiteClock "0:00:20"]
[BlackClock "0:00:03"]

1. e4 c5 2. c3 d5 3. exd5 Qxd5 4. d4 Nf6 5. Be3 Bg4 6. Nf3 Nc6 7. Be2 cxd4 8. cxd4 e6 9. Nc3 Qa5 10. O-O Be7 11. h3 Bh5 12. a3 O-O 13. b4 Qd8 14. Qd2 Rc8 15. Rfd1 Nd5 16. Nxd5 Qxd5 17. Rac1 Rfd8 18. Rc3 a6 19. Rdc1 h6 20. g4 Bg6 21. Ne5 Bf6 22. Bf3 Qd6 23. Nxc6 bxc6 24. Rxc6 Qd7 25. Rxc8 Rxc8 26. Rxc8+ Qxc8 27. d5 exd5 28. Bxd5 Qd7 29. Kg2 Kh8 30. Bf3 Qe6 31. a4 Be5 32. Qd8+ Kh7 33. Bd5 Qf6 34. Qxf6 Bxf6 35. b5 axb5 36. a5 Be5 37. a6 Bb8 38. a7 Bxa7 39. Bxa7 f5 40. Kg3 fxg4 41. hxg4 Bd3 42. Bd4 g5 43. Kf3 Bf1 44. Ke3 Kg6 45. Bc6 h5 46. Be8+ Kh6 47. Bxh5 Bh3 48. f3 b4 49. Kf2 b3 50. Bf7 b2 51. Bxb2 1-0


[Site "https://www.chess.com"]

[Event "Titled Tuesday Blitz February 28 Early 2023"]
[White "Baches Garcia, Guillermo"]
[Black "Daneshvar, Bardiya"]
[WhiteFideId "2209764"]
[BlackFideId "12576468"]
[WhiteElo "2507"]
[BlackElo "2482"]
[Result "0-1"]
[Round "01"]
[TimeControl "180+2"]
[Date "2023.02.28"]
[WhiteClock "0:00:03"]
[BlackClock "0:00:58"]

1. e4 Nf6 2. e5 Nd5 3. c4 Nb6 4. d4 d6 5. exd6 cxd6 6. Nc3 g6 7. Bd3 Bg7 8. Nge2 O-O 9. O-O Nc6 10. d5 Ne5 11. b3 Nxd3 12. Qxd3 e5 13. dxe6 Bxe6 14. Be3 Re8 15. Rad1 Bf8 16. Nf4 Bf5 17. Qd2 a6 18. h3 Nd7 19. Nfd5 Bg7 20. Rfe1 Nc5 21. g4 Be6 22. Bd4 f6 23. Qf4 Bxd5 24. Rxe8+ Qxe8 25. Nxd5 Qe2 26. Nxf6+ Kh8 27. Rd2 Qe1+ 28. Kg2 Ne6 29. Qe3 Qxe3 30. Bxe3 Bxf6 31. Rxd6 Re8 32. Rd7 Re7 33. Rd8+ Nxd8 0-1


[Site "https://www.chess.com"]

[Event "Titled Tuesday Blitz February 28 Early 2023"]
[White "Lenderman, Aleksandr"]
[Black "Kavutskiy, Konstantin"]
[WhiteFideId "2021285"]
[BlackFideId "2026384"]
[WhiteElo "2607"]
[BlackElo "2369"]
[Result "1-0"]
[Round "01"]
[TimeControl "180+2"]
[Date "2023.02.28"]
[WhiteClock "0:01:27"]
[BlackClock "0:00:07"]

1. Nf3 Nf6 2. b3 g6 3. Bb2 Bg7 4. g3 O-O 5. Bg2 d6 6. d4 a5 7. Nc3 Na6 8. O-O c5 9. a4 Bf5 10. Nb5 Be4 11. c4 d5 12. cxd5 Nxd5 13. Rc1 Rc8 14. Qd2 b6 15. Rfd1 e6 16. dxc5 Nxc5 17. Bxg7 Kxg7 18. Qd4+ Qf6 19. Rxc5 Qxd4 20. Rxd4 Rxc5 21. Rxe4 Rc1+ 22. Bf1 Rd8 23. Kg2 Nc3 24. Rc4 Na2 25. e3 Rdd1 26. Rxc1 Nxc1 27. Bc4 f6 28. Nc3 Rd6 29. Ne4 Rc6 30. Nd4 Rc8 31. Nxe6+ Kh6 32. Nxf6 Na2 33. Ng4+ Kh5 34. h3 Nc3 35. Ng7+ Kg5 36. f4# 1-0


[Site "https://www.chess.com"]

[Event "Titled Tuesday Blitz February 28 Early 2023"]
[White "Ezat, Mohamed"]
[Black "Sadhwani, Raunak"]
[WhiteFideId "10600906"]
[BlackFideId "35093487"]
[WhiteElo "2388"]
[BlackElo "2631"]
[Result "0-1"]
[Round "01"]
[TimeControl "180+2"]
[Date "2023.02.28"]
[WhiteClock "0:00:53"]
[BlackClock "0:00:41"]

1. d4 d6 2. c4 g6 3. Nc3 Bg7 4. e4 c5 5. d5 Bxc3+ 6. bxc3 e5 7. f4 exf4 8. Bxf4 Qe7 9. Bd3 Nf6 10. Nf3 Nh5 11. Bg5 f6 12. Bh6 Nd7 13. O-O b6 14. g4 Ng7 15. g5 O-O 16. gxf6 Nxf6 17. Bg5 Bg4 18. Qc2 Rae8 19. Rae1 Qc7 20. e5 dxe5 21. Nd2 Ngh5 22. Bh6 Rf7 23. Qa4 Bd7 24. Qc2 Nf4 25. Bxf4 exf4 26. Bxg6 hxg6 27. Nf3 Bf5 28. Qg2 Rxe1 29. Rxe1 Re7 30. Rf1 Kg7 31. Nh4 Qe5 32. h3 Be4 0-1


[Site "https://www.chess.com"]

[Event "Titled Tuesday Blitz February 28 Early 2023"]
[White "Tabatabaei, M. Amin"]
[Black "Omariev, Maksim"]
[WhiteFideId "12521213"]
[BlackFideId "4193423"]
[WhiteElo "2565"]
[BlackElo "2505"]
[Result "1-0"]
[Round "01"]
[TimeControl "180+2"]
[Date "2023.02.28"]
[WhiteClock "0:00:29"]
[BlackClock "0:00:03"]

1. d4 d5 2. Nf3 Nf6 3. c3 c6 4. Qc2 Bg4 5. Ne5 Bh5 6. Qf5 e6 7. Qh3 Nbd7 8. g4 Bg6 9. Nxg6 fxg6 10. g5 Ne4 11. Qxe6+ Qe7 12. Qxe7+ Bxe7 13. Rg1 O-O 14. f3 Nd6 15. Bh3 Nb6 16. b3 Rae8 17. a4 Nf5 18. a5 Nc8 19. Na3 Bd6 20. f4 a6 21. Nc2 Bc7 22. Ba3 Rf7 23. Rf1 Nh4 24. e3 Bxa5 25. Kd2 Bc7 26. c4 Nb6 27. Kd3 Nf5 28. Bg2 Rd7 29. Bc5 dxc4+ 30. bxc4 Nc8 31. e4 Nfd6 32. Bxd6 Nxd6 33. d5 cxd5 34. cxd5 Nb5 35. Na3 Nxa3 36. Rxa3 Bd6 37. Rb3 b5 38. e5 Bc5 39. d6 b4 40. Bc6 Red8 41. Bxd7 Rxd7 42. Kc4 Bb6 43. Rxb4 1-0


[Site "https://www.chess.com"]

[Event "Titled Tuesday Blitz February 28 Early 2023"]
[White "Balla, Tamas-Kristof"]
[Black "Makarian, Rudik"]
[WhiteFideId "1208497"]
[BlackFideId "44105681"]
[WhiteElo "2334"]
[BlackElo "2419"]
[Result "0-1"]
[Round "01"]
[TimeControl "180+2"]
[Date "2023.02.28"]
[WhiteClock "0:00:07"]
[BlackClock "0:00:07"]

1. e4 c5 2. c3 d5 3. exd5 Nf6 4. d4 Nxd5 5. Nf3 e6 6. Bd3 Be7 7. O-O O-O 8. dxc5 Nd7 9. c4 N5f6 10. Nc3 Nxc5 11. Bc2 b6 12. Bg5 Bb7 13. Qe2 h6 14. Bh4 Nh5 15. Bg3 Nxg3 16. hxg3 Bf6 17. Rad1 Qe7 18. Qe3 a5 19. b3 Rad8 20. Ne4 Bxe4 21. Bxe4 g6 22. Bb1 Kg7 23. Ne5 Qc7 24. Ng4 Rh8 25. Rxd8 Qxd8 26. Nxf6 Qxf6 27. Rd1 h5 28. Qd4 Rb8 29. Qd6 Rb7 30. Qc6 h4 31. gxh4 Qxh4 32. Qf3 Rb8 33. Qc3+ Qf6 34. Qxf6+ Kxf6 35. Rd6 Ke5 36. Rd2 g5 37. Re2+ Kf6 38. Rd2 Ke5 39. g3 f5 40. Kg2 g4 41. Bc2 Rh8 42. a3 Na6 43. Bd1 Rb8 44. Be2 Rc8 45. f3 gxf3+ 46. Bxf3 Nc5 47. b4 axb4 48. axb4 Nb3 49. Rc2 Nd4 50. Rc1 Rc7 51. c5 bxc5 52. bxc5 Nb3 53. Re1+ Kf6 54. c6 Nd4 55. Rc1 e5 56. Bd5 Ke7 57. Kf2 Kd6 58. Bg2 Nxc6 59. Rd1+ Nd4 60. Ke3 Rc3+ 61. Kf2 Rc2+ 62. Kg1 Ke6 63. Re1 Kf6 64. Ra1 Kg5 65. Kh2 Nf3+ 66. Kh1 Nd2 67. Ra4 Nc4 68. Bd5 Ne3 69. Bf3 Rc1+ 70. Kh2 Rc2+ 71. Kh3 Nf1 72. Bg2 Ne3 73. Ra3 Nxg2 74. Ra8 Ne3 75. Rg8+ Kf6 76. Rf8+ Kg7 77. Ra8 Ng4 0-1


[Site "https://www.chess.com"]